 Dungeon Crawl Stone Soup version 0.20-a0-891-ga2611f4 (webtiles) character file.

512 Nvm9 the Covered (level 6, 0/49 HPs)
             Began as a Demonspawn Fighter on Mar 16, 2017.
             Killed by nerve-wracking pain
             ... invoked by Menkaure
              (8 damage)
             ... on level 5 of the Dungeon.
             The game lasted 00:05:37 (3312 turns).

Nvm9 the Covered (Demonspawn Fighter)               Turns: 3312, Time: 00:05:37

Health: 0/49       AC: 13    Str: 19    XL:     6   Next: 99%
Magic:  0/15       EV:  7    Int:  9    God:
Gold:   183        SH: 10    Dex: 12    Spells: 5/5 levels left

rFire    + . .     SeeInvis .   w - +0 broad axe
rCold    + . .     Gourm    .   b - +0 scale mail
rNeg     . . .     Faith    .   c - +1 shield
rPois    .         Spirit   +   (helmet restricted)
rElec    .         Reflect  .   h - scarf {Spirit}
rCorr    .         Harm     .   (no gloves)
MR       .....                  (no boots)
Stlth    ..........             g - amulet of guardian spirit
Regen    0.2/turn               v - ring of protection from fire
MPRegen  0.2/turn               u - ring of magical power

@: sanguine armour
A: antennae 1, cold resistance 1, sanguine armour 1
a: no special abilities


You were on level 5 of the Dungeon.
You were not hungry.

You visited 1 branch of the dungeon, and saw 5 of its levels.

You collected 183 gold pieces.

Inventory:

Hand Weapons
 a - a +1 war axe
 p - a +0 war axe
 w - a +0 broad axe (weapon)
Armour
 b - a +0 scale mail (worn)
 c - a +1 shield (worn)
 h - a scarf of spirit shield (worn)
Jewellery
 d - an uncursed amulet of the gourmand
 g - an amulet of guardian spirit (around neck)
 u - a ring of magical power (left hand)
 v - a ring of protection from fire (right hand)
Wands
 x - a wand of acid (15/15)
Scrolls
 e - a scroll of remove curse
 i - 7 scrolls of identify
 k - a scroll of enchant armour
 o - 3 scrolls of teleportation
Potions
 n - 2 potions of curing
Comestibles
 f - 3 bread rations
 m - a royal jelly
 s - a meat ration


   Skills:
 + Level 4.5 Fighting
 + Level 3.6 Axes
 * Level 4.7 Armour
 + Level 4.0 Shields


You had 5 spell levels left.
You didn't know any spells.

Dungeon Overview and Level Annotations

Branches:
Dungeon (5/15)
 Temple: D:4-7

Altars:
Dithmenos
Nemelex Xobeh
The Shining One

Annotations:
D:4 morbho's ghost, amateur DDEE
D:5 Menkaure


Innate Abilities, Weirdness & Mutations

You have a pair of small antennae on your head.
Your flesh is cold resistant. (rC+)
When seriously injured, your bleeding wounds create armour. (AC +6)


Message History

Menkaure casts a spell at you. Pain shoots through your body!
You hit Menkaure but do no damage.
Menkaure is severely damaged.
Menkaure calls on the powers of darkness!
Your body is wracked with pain!
* * * LOW HITPOINT WARNING * * *
You block Menkaure's attack.
You barely miss Menkaure.
Menkaure is severely damaged.
You block Menkaure's attack.
Menkaure calls on the powers of darkness!
Your body is wracked with pain!
* * * LOW HITPOINT WARNING * * *
You hit Menkaure.
Menkaure is severely damaged.
You block Menkaure's attack.
Menkaure points at you and mumbles some strange words.
Pain shoots through your body!
You die...

### #.#
#############.#
..............#
#############.####
#....# #####
####.# ....# #.#
....# #@# ....##
#M# .....# #.#
.....# #.# .....#
#.# .....# #.#
.....# #.# .....#
..# .....#


You could see Menkaure.

Vanquished Creatures
  An ice beast (D:5)
  A howler monkey (D:4)
  A bullfrog skeleton (D:5)
  2 orc priests (D:5)
  2 orc wizards (D:3)
  A worker ant (D:4)
  8 adders
  4 oozes
  3 worms
  A dart slug (D:4)
  4 leopard geckos
  20 orcs
  7 bats
  5 giant cockroaches
  7 hobgoblins
  6 jackals (D:4)
  2 quokkas
  3 ball pythons
  4 frilled lizards
  11 goblins
  8 kobolds
  7 rats
108 creatures vanquished.

Notes
Turn   | Place    | Note
-------+----------+-------------------------------------------
     0 | D:1      | Nvm9 the Demonspawn Fighter began the quest for the Orb.
     0 | D:1      | Reached XP level 1. HP: 18/18 MP: 1/1
   269 | D:1      | Gained mutation: When seriously injured, your bleeding wounds create armour. (AC +6) [demonic ancestry]
   269 | D:1      | Reached XP level 2. HP: 24/24 MP: 2/2
   467 | D:1      | Found a sparkling altar of Nemelex Xobeh.
   601 | D:2      | Gained mutation: You have a pair of small antennae on your head. [demonic ancestry]
   601 | D:2      | Reached XP level 3. HP: 26/29 MP: 3/3
   839 | D:2      | Reached XP level 4. HP: 35/35 MP: 4/4
  1359 | D:3      | Found a glowing golden altar of the Shining One.
  1366 | D:3      | Reached XP level 5. HP: 28/42 MP: 3/5
  2366 | D:4      | Gained mutation: Your flesh is cold resistant. (rC+) [demonic ancestry]
  2366 | D:4      | Reached XP level 6. HP: 29/48 MP: 4/6
  2803 | D:4      | Noticed morbho's ghost (amateur DDEE)
  2935 | D:5      | Entered Level 5 of the Dungeon
  3207 | D:5      | Found a shadowy altar of Dithmenos.
  3245 | D:5      | Noticed an ice beast
  3254 | D:5      | Killed an ice beast
  3300 | D:5      | Noticed Menkaure
  3312 | D:5      | Killed from afar by Menkaure

Vault maps used:
D:1:      erik_arrival_cave_to_civilisation, minmay_misc_feat_iff,
          nemelex_altar_shiori
D:3:      first_bread, tso_metal_star
D:4:      cheibrodos_quashed
D:5:      basic_altar, nicolae_dithmenos_through_a_glass_darkly, uniq_menkaure,
          uniq_crazy_yiuf_cottage, uniq_pikel

Skill      XL: |  1  2  3  4  5  6 |
---------------+-------------------+-----
Shields        | 3 4 |  4.0
Armour         | 3 4 |  4.7
Axes           | 2 3 |  3.6
Fighting       | 4 |  4.5

Action                   |  1- 3 |  4- 6 || total
-------------------------+-------+-------++-------
Melee: War axe           |   118 |   238 ||   356
       Broad axe         |       |    63 ||    63
  Use: Potion            |       |     4 ||     4
       Scroll            |       |    10 ||    10
  Eat: Chunk             |       |    17 ||    17
Armor: Scale mail        |    51 |   166 ||   217
Dodge: Dodged            |    34 |   101 ||   135
Block: Shield            |    70 |   146 ||   216
